 Dungeon Crawl Stone Soup version bcrawl-1.28.1b (webtiles) character file.

Game seed: 918564752759417986

197033 Adamkad1 the Ruffian (level 4, 0/54 HPs)
             Began as a Draconian Transmuter on Dec 12, 2020.
             Succumbed to a scorpion's poison
             ... on level 3 of the Dungeon.
             The game lasted 00:01:28 (1310 turns).

Adamkad1 the Ruffian (Draconian Transmuter)         Turns: 1310, Time: 00:01:29

Health: 0/54       AC: 22    Str: 14    XL:     4   Next: 87%
Magic:  7/7        EV:  1    Int: 13    God:
Gold:   94         SH:  0    Dex: 11    Spells: 7/8 levels left

rFire    . . .     SeeInvis .     - Branches (18.0)
rCold    . . .     Gourm    .   (no shield)
rNeg     + + +     Faith    .   (armour unavailable)
rPois    +         Spirit   .   (helmet currently unavailable)
rElec    .         Reflect  .   (cloak currently unavailable)
rCorr    .         Harm     .   (gloves currently unavailable)
MR       .....     NoTele   +   (boots currently unavailable)
Stlth    +.........             (no amulet)
HPRegen  0.18/turn              (no ring)
MPRegen  0.10/turn              (no ring)

@: lethally poisoned (0 -> -12), tree-form, berserk cooldown, slowed, invisible,
very slow
A: giant, unfitting armour, AC +5
a: no special abilities


You were on level 3 of the Dungeon.
You were hungry.
You were a tree.
You visited 1 branch of the dungeon, and saw 3 of its levels.

You collected 94 gold pieces.

Inventory:

Missiles
 a - 120 arrows
Scrolls
 f - 2 scrolls of identify
Potions
 h - a potion of mutation {unknown}
Comestibles
 e - 2 rations {!d}
 g - 4 chunks of flesh


   Skills:
 + Level 2.2 Fighting
 + Level 2.4 Dodging
 + Level 3.5 Unarmed Combat
 + Level 2.5 Spellcasting
 * Level 3.3 Transmutations


You had 7 spell levels left.
You knew the following spells:

 Your Spells              Type           Power        Failure   Level  Hunger
a - Beastly Appendage     Tmut           ##....       6%          1    None

Your spell library contained the following spells:

 Spells                   Type           Power        Failure   Level  Hunger
 Sticks to Snakes         Tmut           ##......     10%         2    ##.....
 Passwall                 Tmut/Erth      #.......     19%         2    ##.....
 Spider Form              Tmut/Pois      #..          36%         3    ####...
 Ice Form                 Ice/Tmut       #.......     77%         4    ######.
 Blade Hands              Tmut           ##........   86%         5    #######


Dungeon Overview and Level Annotations

Branches:
Dungeon (3/12)

Altars:
Ashenzari
Kikubaaqudgha
Xom
Zin


Innate Abilities, Weirdness & Mutations

((Your plain brown scales are hard. (AC +5)))
You cannot fit into any form of body armour.
((You are cold-blooded and may be slowed by cold attacks.))


Message History

You feel yourself moving faster!
You feel mighty!
* * * LOW HITPOINT WARNING * * *
You feel sick.
You are too berserk!
You feel a strong urge to attack something.
* * * LOW HITPOINT WARNING * * *
You feel sick.
* * * LOW HITPOINT WARNING * * *
You feel sick.
You feel your anger nearly subside.
* * * LOW HITPOINT WARNING * * *
You feel sick.
You are no longer berserk.
You are exhausted.
You feel yourself slow down.
* * * LOW HITPOINT WARNING * * *
You feel sick.
It was a potion of invisibility.
You fade into invisibility!
You die...

.## ..# ...
#.##### ######
#.....#+#...=#
#..†..#_#....#
#...♣†###....#
#.#.........#
#.....†...#####
###.......÷...#
#......#####.#
#.####### #.#
♣.# ###.### ♣.
#.....# #
#.###.###.##


There were no monsters in sight!

Vanquished Creatures
  A scorpion (D:3)
  An iguana (D:2)
  An adder (D:3)
  An adder skeleton (D:2)
  A worm (D:2)
  2 dart slugs
  A leopard gecko (D:3)
  A ball python (D:1)
  2 giant cockroaches
  2 goblins
  5 hobgoblins
  A bat (D:1)
  A frilled lizard (D:1)
  8 kobolds
  4 rats
32 creatures vanquished.

Notes
Turn   | Place    | Note
-------+----------+-------------------------------------------
     0 | D:1      | Adamkad1 the Draconian Transmuter began the quest for the
                  | Orb.
     0 | D:1      | Reached XP level 1. HP: 16/16 MP: 3/3
   153 | D:1      | Reached XP level 2. HP: 14/23 MP: 5/5
   610 | D:1      | Found an opulent altar of Gozag.
   614 | D:1      | Found a white marble altar of Elyvilon.
   614 | D:1      | Found a shimmering blue altar of Sif Muna.
   618 | D:1      | Found a shimmering altar of Xom.
   618 | D:1      | Found a shimmering altar of Xom.
   618 | D:1      | Found a bloodstained altar of Trog.
   826 | D:1      | Found a shattered altar of Ashenzari.
   904 | D:2      | Found a glowing silver altar of Zin.
  1009 | D:2      | Reached XP level 3. HP: 20/29 MP: 4/6
  1173 | D:3      | Found an ancient bone altar of Kikubaaqudgha.
  1268 | D:3      | Found a shattered altar of Ashenzari.
  1284 | D:3      | Reached XP level 4. HP: 31/36 MP: 5/7
  1306 | D:3      | HP: 4/81 [poisoned by a scorpion]
  1309 | D:3      | HP: 1/54 [poisoned by a scorpion]
  1310 | D:3      | Succumbed to a scorpion's poison

Skill      XL: |  1  2  3  4 |
---------------+-------------+-----
Dodging        | 2 |  2.4
Fighting       | 2 |  2.2
Transmutations | 3 |  3.3
Unarmed Combat | |  3.5
Spellcasting   | |  2.5

Action                   |  1- 3 |  4- 6 || total
-------------------------+-------+-------++-------
Melee: Unarmed           |    89 |    13 ||   102
       Tailslap          |    12 |       ||    12
       Kick              |     8 |     4 ||    12
       Punch             |     2 |       ||     2
       Headbutt          |     3 |       ||     3
 Cast: Beastly Appendage |    16 |     1 ||    17
  Use: Potion            |       |     3 ||     3
  Eat: Chunk             |     3 |       ||     3
Armor: Skin              |    18 |     6 ||    24
Dodge: Dodged            |    51 |     7 ||    58
